 Dungeon Crawl Stone Soup version 0.30-a0-170-g85af917532 (webtiles) character file.

Game seed: 14000550144334612087

105 sanka the Covered (level 4, -2/34 HPs)
             Began as a Gnoll Wanderer on Sept 30, 2022.
             Was a Believer of Vehumet.
             Slain by a hobgoblin (4 damage)
             ... led by Robin
             ... on level 2 of the Dungeon.
             The game lasted 00:02:30 (1613 turns).

sanka the Covered (Gnoll Wanderer)                  Turns: 1613, Time: 00:02:31

Health: -2/34      AC:  9    Str: 12    XL:     4   Next: 83%
Magic:  11/11      EV:  9    Int: 12    God:    Vehumet [**....]
Gold:   76         SH:  0    Dex: 12    Spells: 11/13 levels left

rFire   . . .      SeeInvis .    a - +2 short sword
rCold   . . .      Faith    .    (no shield)
rNeg    . . .      Spirit   .    b - +0 scale mail
rPois   .          Reflect  .    (no helmet)
rElec   .          Harm     .    (no cloak)
rCorr   .          Rampage  .    m - +0 pair of gloves
Will    .....                    (no boots)
Stlth   ..........               (no amulet)
HPRegen 0.11/turn                (no ring)
MPRegen 0.12/turn                (no ring)

@: no status effects
A: fangs 1, strong nose, distributed training
a: Renounce Religion


You were on level 2 of the Dungeon.
You worshipped Vehumet.
Vehumet was pleased with you.
You visited 1 branch of the dungeon, and saw 2 of its levels.

You collected 76 gold pieces.


Innate Abilities, Weirdness & Mutations

You have very sharp teeth.
Your uncanny sense of smell can sniff out nearby items.
Your experience applies equally to all skills.


   Skills:
 + Level 2.8 Fighting
 + Level 6.6 Short Blades
 + Level 1.3 Long Blades
 + Level 1.3 Axes
 + Level 1.3 Maces & Flails
 + Level 1.3 Polearms
 + Level 1.3 Staves
 + Level 1.3 Ranged Weapons
 + Level 1.3 Throwing
 + Level 6.6 Armour
 + Level 2.8 Dodging
 + Level 1.3 Stealth
 + Level 1.3 Shields
 + Level 1.3 Unarmed Combat
 + Level 5.1 Spellcasting
 + Level 1.0 Conjurations
 + Level 1.0 Hexes
 + Level 1.0 Summonings
 + Level 1.0 Necromancy
 + Level 1.0 Translocations
 + Level 1.0 Transmutations
 + Level 1.0 Fire Magic
 + Level 1.0 Ice Magic
 + Level 1.0 Air Magic
 + Level 1.0 Earth Magic
 + Level 1.0 Poison Magic
 + Level 1.4 Invocations
 + Level 1.3 Evocations


You had 11 spell levels left.
You knew the following spells:

 Your Spells              Type           Power      Damage    Failure   Level
y - Foxfire               Conj/Fire      20%        2x1d5     50%         1
z - Sandblast             Erth           10%        2d5       50%         1

Your spell library contained the following spells:

 Spells                   Type           Power      Damage    Failure   Level
 Dazzling Flash           Conj/Hex       10%        N/A       86%         3

Inventory:

Hand Weapons
 a - a +2 short sword (weapon)
Armour
 b - a +0 scale mail (worn)
 l - a +0 leather armour of willpower
 m - a +0 pair of gloves (worn)
Wands
 q - a wand of iceblast (10)
Scrolls
 c - a scroll of blinking
 d - a scroll of magic mapping {unknown}
 e - a scroll of torment {unknown}
 f - a scroll of identify {unknown}
 o - 2 scrolls of enchant armour {unknown}
 r - a scroll of vulnerability {unknown}
Potions
 g - a potion of attraction {unknown}
 h - a potion of brilliance {unknown}
 i - a potion of curing {unknown}
 j - 2 potions of berserk rage {unknown}
 k - a potion of degeneration {unknown}
 n - a potion of invisibility {unknown}
 p - a potion of lignification {unknown}

Dungeon Overview and Level Annotations

Branches:
Dungeon (2/15)

Altars:
Vehumet

∆▒<...##....▒▒▒▒▒▒▒.▒
▒▒▒▒▒▒v▒.▒..........
▒▒▒▒▒▒.▒.▒.▒▒▒▒▒▒▒▒▒
.....................
.▒▒▒▒▒▒▒▒▒▒▒▒▒▒.▒▒▒▒▒
▒▒▒▒▒▒▒▒▒..........▒
......gg▒.▒▒▒▒▒▒▒▒▒▒
▒g▒.▒ ▒g▒.▒ ▒▒▒ ▒)▒.▒
▒.. ▒.▒.▒ ▒.. ▒.▒.▒
▒.. ∆ ▒.▒†▒ ▒▒▒
▒.▒)▒▒▒▒▒▒
▒▒▒▒▒........▒
▒............▒ ▒
▒............▒ ▒


You could see a hobgoblin (strong) and 2 goblins.


Message History

* * * LOW HITPOINT WARNING * * *
The goblin hits you but does no damage. The goblin hits you but does no damage.
Unknown command.
You hit the goblin but do no damage. Your bite misses the goblin.
The goblin is severely wounded.
You hit the goblin.
You kill the goblin!
Vehumet accepts your kill. The hobgoblin hits you.
* * * LOW HITPOINT WARNING * * *
The goblin hits you with a +0 club.
* * * LOW HITPOINT WARNING * * *
Unknown command.
The hobgoblin attacks as you move away! The hobgoblin misses you.
Items here: ))) †††.
You hit the hobgoblin but do no damage. The hobgoblin hits you.
* * * LOW HITPOINT WARNING * * *
You hit the hobgoblin.
The hobgoblin is heavily wounded.
You hit the hobgoblin but do no damage.
The hobgoblin is heavily wounded.
The hobgoblin barely misses you.
You closely miss the hobgoblin.
The hobgoblin is heavily wounded.
The hobgoblin hits you.
You die...

Action                   |  1- 3 |  4- 6 || total
-------------------------+-------+-------++-------
Melee: Short sword       |   140 |    44 ||   184
       Bite              |     9 |     4 ||    13
 Cast: Foxfire           |     1 |       ||     1
Armor: Scale mail        |    54 |    20 ||    74
Dodge: Dodged            |    64 |    14 ||    78

Levels and vault maps discovered:
D:1:      lightli_arrival_maybe_door_vault, layout_rooms,
          hellmonk_ecumenical_altar_crossroads
D:2:      layout_basic, basic_altar, uniq_sigmund, uniq_crazy_yiuf_cottage,
          uniq_robin

Notes
Turn   | Place    | Note
-------+----------+-------------------------------------------
     0 | D:1      | sanka the Gnoll Wanderer began the quest for the Orb.
     0 | D:1      | sanka set off with the following items: a +2 short sword, a
                  | +0 scale mail, a scroll of blinking; and the following
                  | spell memorised: Foxfire; and the following spells
                  | available to memorise: Dazzling Flash.
     0 | D:1      | Reached XP level 1. HP: 17/17 MP: 6/6
   105 | D:1      | Found a faded altar of an unknown god.
   112 | D:1      | Reached XP level 2. HP: 23/23 MP: 7/7
   290 | D:1      | Prayed at the altar of an unknown god.
   290 | D:1      | Became a worshipper of Vehumet
   290 | D:1      | Reached * piety under Vehumet
   290 | D:1      | Offered knowledge of Magic Dart by Vehumet.
   417 | D:1      | Reached skill level 5 in Spellcasting
   417 | D:1      | Reached XP level 3. HP: 21/28 MP: 7/9
   631 | D:1      | Reached skill level 1 in Invocations
   636 | D:1      | Reached ** piety under Vehumet
   644 | D:1      | Offered knowledge of Sandblast by Vehumet.
   648 | D:1      | Learned a level 1 spell: Sandblast
  1030 | D:2      | Reached skill level 1 in Long Blades
  1030 | D:2      | Reached skill level 1 in Axes
  1030 | D:2      | Reached skill level 1 in Maces & Flails
  1030 | D:2      | Reached skill level 1 in Polearms
  1030 | D:2      | Reached skill level 1 in Staves
  1030 | D:2      | Reached skill level 1 in Ranged Weapons
  1030 | D:2      | Reached skill level 1 in Throwing
  1030 | D:2      | Reached skill level 1 in Stealth
  1030 | D:2      | Reached skill level 1 in Shields
  1030 | D:2      | Reached skill level 1 in Unarmed Combat
  1030 | D:2      | Reached skill level 1 in Evocations
  1352 | D:2      | Reached skill level 1 in Conjurations
  1352 | D:2      | Reached skill level 1 in Hexes
  1352 | D:2      | Reached skill level 1 in Summonings
  1352 | D:2      | Reached skill level 1 in Necromancy
  1352 | D:2      | Reached skill level 1 in Translocations
  1352 | D:2      | Reached skill level 1 in Transmutations
  1352 | D:2      | Reached skill level 1 in Fire Magic
  1352 | D:2      | Reached skill level 1 in Ice Magic
  1352 | D:2      | Reached skill level 1 in Air Magic
  1352 | D:2      | Reached skill level 1 in Earth Magic
  1352 | D:2      | Reached skill level 1 in Poison Magic
  1352 | D:2      | Reached XP level 4. HP: 23/34 MP: 9/11
  1591 | D:2      | Identified the -1 helmet of Subjectivity {*Corrode rElec
                  | Str+9 Dex-2}
  1591 | D:2      | Noticed Robin
  1604 | D:2      | Killed Robin
  1610 | D:2      | HP: 2/34 [hobgoblin[Robin] (2)]
  1613 | D:2      | Slain by a hobgoblin

Vanquished Creatures
  A jelly (D:2)
  Robin (D:2)
  An adder (D:2)
  A worm (D:2)
  2 endoplasms (D:1)
  2 giant cockroaches (D:1)
  5 hobgoblins
  11 jackals (D:1)
  7 kobolds
  A quokka (D:1)
  4 ball pythons
  3 bats (D:1)
  2 frilled lizards (D:1)
  6 goblins
  3 rats (D:1)
50 creatures vanquished.

Vanquished Creatures (others)
  A foxfire (D:2)
1 creature vanquished.

Grand Total: 51 creatures vanquished
